 Dungeon Crawl Stone Soup version 0.32-a0-918-g0f22ef8d61 (webtiles) character file.

Game seed: 6911397169469185157

25697 Shayle the Placeless Goblin (level 13, 0/100 HPs)
             Began as a Coglin Alchemist on Apr 11, 2024.
             Was an Elder of Vehumet.
             Slain by a bullfrog (2 damage)
             ... on level 3 of the Lair of Beasts.
             The game lasted 00:59:56 (17200 turns).

Shayle the Placeless Goblin (Coglin Alchemist)     Turns: 17200, Time: 00:59:56

Health: 0/100      AC:  8    Str:  9    XL:     13   Next: 21%
Magic:  18/22      EV: 12    Int: 20    God:    Vehumet [****..]
Gold:   794        SH:  0    Dex: 14    Spells: 4/24 levels left

rFire   + . .        w - +3 trident (drain) {Nimrit}
rCold   + . .        D - +9 hammer of War {flame, rElec rF+ rC+}
rNeg    . . .        i - +0 steam dragon scales
rPois   .            (no helmet)
rElec   +            (no cloak)
rCorr   .            p - +1 pair of gloves
SInv    .            (no boots)
Will    .....        (amulet unavailable)
Stlth   ++           (ring unavailable)
HPRegen 0.36/turn    (ring unavailable)
MPRegen 0.18/turn    (no gizmo)

%: no passive effects
@: revving
A: off-hand wielding, slow wielding, warmup strikes, no jewellery
a: Invent Gizmo, Renounce Religion


You were on level 3 of the Lair of Beasts.
You worshipped Vehumet.
Vehumet was greatly pleased with you.
You visited 3 branches of the dungeon, and saw 17 of its levels.
You also visited: Bailey.

You collected 794 gold pieces.

Inventory:

Hand Weapons
 d - the +2 lajatang of Pacy {flame, rElec rPois rC- Will+++}
   (You took it off a goblin in a bailey)

   rC-:       It makes you vulnerable to cold.
   rElec:     It insulates you from electricity.
   rPois:     It protects you from poison.
   Will+++:   It greatly increases your willpower.
 f - a +0 mace {Ulrike}
 h - a +0 rapier {Dave}
 l - a +4 spear of venom {Jubei}
 m - a +0 whip of draining {Ælfthryth}
 w - a +3 trident of draining (weapon) {Nimrit}
 D - the +9 hammer of War (offhand) {flame, rElec rF+ rC+}
   (You found it on level 6 of the Dungeon)

   rF+:       It protects you from fire.
   rC+:       It protects you from cold.
   rElec:     It insulates you from electricity.
Missiles
 r - 4 throwing nets (quivered)
Armour
 a - a +0 robe
 i - +0 steam dragon scales (worn)
 k - a +0 pair of boots
 n - a +3 leather armour
 p - a +1 pair of gloves (worn)
 z - a +0 robe of fire resistance
 C - +0 acid dragon scales
Wands
 u - a wand of polymorph (18)
 F - a wand of flame (15)
Scrolls
 b - 5 scrolls of poison
 c - a scroll of immolation {unknown}
 o - 4 scrolls of noise
 s - 5 scrolls of amnesia
 v - a scroll of silence
 y - a scroll of enchant weapon {unknown}
 A - 2 scrolls of teleportation
 B - a scroll of fog {unknown}
 G - a scroll of identify
 J - 2 scrolls of fear
Potions
 e - 3 potions of mutation
 g - 3 potions of enlightenment
 j - 5 potions of lignification
 q - 3 potions of berserk rage
 t - 2 potions of attraction
 x - 2 potions of brilliance
 E - a potion of haste {unknown}
 H - a potion of cancellation {unknown}
 I - 3 potions of resistance


   Skills:
 - Level 8.9 Fighting
 - Level 8.5 Maces & Flails
 - Level 7.0 Armour
 - Level 4.2 Dodging
 - Level 1.5 Stealth
 - Level 6.4 Spellcasting
 - Level 3.0 Conjurations
 + Level 10.2 Translocations
 - Level 7.4 Fire Magic
 - Level 5.0 Alchemy


You had 4 spell levels left.
You knew the following spells:

 Your Spells              Type           Power      Damage    Failure   Level
a - Sting                 Conj/Alch      88%        1d8       1%          1
b - Mephitic Cloud        Conj/Alch/Air  17%        N/A       2%          3
c - Sticky Flame          Fire/Alch      31%        2d7       2%          4
d - Olgreb's Toxic Radia  Alch           26%        N/A       3%          4
e - Apportation           Tloc           94%        N/A       1%          1
f - Manifold Assault      Tloc           23%        N/A       77%         7

Your spell library contained the following spells:

 Spells                   Type           Power      Damage    Failure   Level
 Lee's Rapid Deconstruct  Erth           3%         3d5*      54%         5
 Kiss of Death            Conj/Necr      48%        2d9       1%          1
 Mercury Vapours          Alch/Air       32%        N/A       1%          2
 Maxwell's Portable Pile  Tloc           47%        2d(9-27)  1%          3
 Volatile Blastmotes      Fire/Tloc      82%        2d16      1%          3
 Iskenderun's Mystic Bla Conj/Tloc 33%            2d8        (+2d4     1%          4
 Dazzling Flash           Conj/Hex       24%        N/A       4%          3
 Slow                     Hex            24%        N/A       10%         1
 Summon Small Mammal      Summ           24%        N/A       10%         1
 Vhi's Electric Charge    Tloc/Air       54%        N/A       12%         4
 Call Imp                 Summ           12%        N/A       16%         2
 Ensorcelled Hibernation  Hex/Ice        12%        N/A       16%         2
 Jinxbite                 Hex            12%        N/A       16%         2
 Sublimation of Blood     Necr           6%         N/A       16%         2
 Summon Blazeheart Golem  Fire/Summ      21%        N/A       22%         4
 Call Canine Familiar     Summ           6%         N/A       30%         3
 Confusing Touch          Hex            6%         N/A       30%         3
 Fugue of the Fallen      Necr           6%         N/A       30%         3
 Passwall                 Erth           6%         N/A       30%         3
 Swiftness                Air            6%         N/A       30%         3
 Vampiric Draining        Necr           6%         2d6       30%         3
 Petrify                  Alch/Erth      16%        N/A       34%         4
 Anguish                  Hex/Necr       3%         N/A       69%         4
 Dispel Undead            Necr           6%         3d8       69%         4
 Irradiate                Conj/Alch      11%        3d15      13%         5
 Gell's Gavotte           Tloc           23%        2d(22-32) 22%         6
 Alistair's Intoxication  Alch           17%        N/A       34%         5
 Arcjolt                  Conj/Air       6%         1d16      36%         5
 Plasma Beam              Fire/Air       10%        2x1d21    58%         6
 Curse of Agony           Necr           6%         N/A       95%         5
 Silence                  Hex/Air        3%         N/A       95%         5
 Death Channel            Necr           3%         N/A       100%        6
 Summon Hydra             Summ           3%         N/A       100%        7
 Maxwell's Capacitive Co  Air            3%         ∞         100%        8


Dungeon Overview and Level Annotations

Branches:
Dungeon (13/15)            Temple (1/1) D:6            Lair (3/5) D:11
  Swamp (0/4) Lair:3        Snake (0/4) Lair:3          Orc (0/2) D:11
 Bailey (visited)
 Vaults: D:13-14

Altars:
Ashenzari
Cheibriados
Dithmenos
Elyvilon
Fedhas
Gozag
Hepliaklqana
Kikubaaqudgha
Makhleb
Nemelex Xobeh
Okawaru
Qazlal
Ru
Sif Muna
Trog
Uskayaw
Vehumet
Wu Jian
Xom
Yredelemnul
Zin
The Shining One

Shops:
D:8 *   D:11 :   D:13 (

Annotations:
D:5 3 runed translucent doors, wally255's ghost, amateur TrFi
D:6 1 runed translucent door, Crazy Yiuf


Innate Abilities, Weirdness & Mutations

You can wield a second weapon in your off-hand.
It takes a long time for you to wield or remove held weapons.
Your first few attacks do less damage.
You cannot equip rings or amulets.


Message History

A bullfrog comes into view.
The bog body gestures at you while chanting.
The bolt of cold misses you.
The bullfrog croaks.
Casting: Sticky Flame (mildly dangerous; 2% risk of failure)
Confirm with . or Enter, or press ? or * to list all spells.
Aiming: Sticky Flame (mildly dangerous; 2% risk of failure)
Press: ? - help, Shift-Dir - straight line, f - bog body
Aim: a bog body The sticky flame hits the bog body.
The bog body resists.
The bog body is lightly damaged.
The komodo dragon hisses angrily.
The bog body burns!
The bog body touches you! The bog body freezes you! You resist.
You barely miss the bog body with the +9 hammer of War.
The bog body is moderately damaged.
You hit the bog body with your +3 trident of draining.
The bog body burns!
The bog body touches you! The bog body freezes you. You resist.
The bullfrog hits you.
Unknown command.
You hit the bog body with the +9 hammer of War.
The bog body is moderately damaged.
You barely miss the bog body with your +3 trident of draining.
The bog body burns!
The bullfrog misses you. The bog body touches you! The bog body freezes you!
You resist.
* * * LOW HITPOINT WARNING * * *
Unknown command.
Okay, then.
Okay, then.
Okay, then.
Okay, then.
As you read the scroll of fear, it crumbles to dust.
You assume a fearsome visage.
The bog body is unaffected. x2
The komodo dragon looks frightened!
The bullfrog resists with some effort.
The bog body burns!
The bullfrog barely misses you. The bog body touches you!
* * * LOW HITPOINT WARNING * * *
The bog body freezes you! You resist.
* * * LOW HITPOINT WARNING * * *
The bullfrog hits you.
You die...

.............
........~§§§ #.
.....§§§§§ §
#..#....§§§§♣~§
#.#....§§♣§§~.
#........~~♣..
#...nF......
#...@n......
##..........
#...#......
##......#...
#............
##.....l.##.....
#.......##...♣k
##.##...#.......
##.## #.##......
#


You could see a komodo dragon (fleeing), 2 bog bodies and a bullfrog.

Vanquished Creatures
  Gastronok (D:11)
  A hydra (Lair:2)
  A boulder beetle (Lair:1)
  3 two-headed ogres
  A death yak (Lair:1)
  An orc high priest (Bailey)
  An orc sorcerer (Bailey)
  An orc knight (Bailey)
  An ugly thing (D:12)
  7 elephants
  A manticore (D:11)
  A black mamba (Lair:2)
  8 cane toads
  Jeremiah (D:9)
  Maggie (D:7)
  2 rime drakes (Lair:1)
  4 komodo dragons
  5 trolls
  Grinder (D:6)
  3 shadows
  2 wraiths
  2 wyverns
  16 yaks
  A basilisk (D:11)
  3 vampire mosquitoes (D:12)
  4 steam dragons
  2 acid dragons
  13 water moccasins
  A sky beast (D:8)
  6 orc warriors (Bailey)
  An ogre (D:5)
  18 wolves
  7 centaurs
  A kobold brigand (D:8)
  5 bullfrogs
  A gnoll sergeant (D:6)
  2 scorpions (D:7)
  7 wights
  5 howler monkeys
  5 electric eels (Bailey)
  3 hounds
  An orc priest (D:7)
  3 bombardier beetles
  A gnoll bouda (D:8)
  2 iguanas (D:6)
  A sleepcap (D:4)
  3 orc wizards
  2 human simulacra (D:9)
  7 adders
  16 gnolls
  4 white imps
  3 dart slugs
  A ribbon worm (D:5)
  22 orcs
  A bat (D:2)
  7 endoplasms
  3 giant cockroaches
  15 goblins
  9 hobgoblins
  5 jackals
  10 kobolds
  4 quokkas
  8 ball pythons
  5 frilled lizards
  5 rats
288 creatures vanquished.

Notes
Turn   | Place    | Note
-------+----------+-------------------------------------------
     0 | D:1      | Shayle the Coglin Alchemist began the quest for the Orb.
     0 | D:1      | Reached XP level 1. HP: 13/13 MP: 3/3
   131 | D:1      | Reached skill level 1 in Conjurations
   411 | D:1      | Reached XP level 2. HP: 20/20 MP: 4/4
  1075 | D:2      | Reached XP level 3. HP: 25/25 MP: 6/6
  1184 | D:2      | Reached skill level 1 in Fighting
  1282 | D:2      | Found a shimmering blue altar of Sif Muna.
  1847 | D:3      | Found a faded altar of an unknown god.
  1899 | D:3      | Got Targhaish's Grimoire of the Voyage and Necromancy
  1932 | D:3      | Reached XP level 4. HP: 31/32 MP: 7/7
  2875 | D:4      | Noticed a sky beast
  2968 | D:4      | Reached XP level 5. HP: 34/38 MP: 8/8
  3459 | D:3      | Learned a level 3 spell: Mephitic Cloud
  3632 | D:4      | Reached XP level 6. HP: 31/44 MP: 8/10
  3744 | D:5      | Entered Level 5 of the Dungeon
  3862 | D:5      | Found a runed translucent gate.
  3862 | D:5      | Found a runed translucent gate.
  3862 | D:5      | Found a runed translucent gate.
  3862 | D:5      | Found an opulent altar of Gozag.
  3863 | D:5      | Noticed wally255's ghost (amateur TrFi)
  3863 | D:5      | Noticed a yak
  4129 | D:5      | Found a hazy altar of Hepliaklqana.
  4481 | D:6      | Reached XP level 7. HP: 50/52 MP: 11/11
  4496 | D:6      | Found a staircase to the Ecumenical Temple.
  4511 | Temple   | Entered the Ecumenical Temple
  4541 | Temple   | Became a worshipper of Vehumet
  4771 | D:6      | Reached skill level 5 in Alchemy
  5159 | D:6      | Noticed a steam dragon
  5183 | D:6      | Killed a steam dragon
  5184 | D:6      | Reached skill level 1 in Fire Magic
  5277 | D:6      | Reached XP level 8. HP: 60/60 MP: 13/13
  5292 | D:6      | Identified the +9 hammer of War {flame, rElec rF+ rC+}
  5305 | D:6      | Found a runed translucent door.
  5306 | D:6      | Noticed Crazy Yiuf
  5401 | D:6      | Noticed Grinder
  5410 | D:6      | Killed Grinder
  5411 | D:6      | Reached skill level 1 in Maces & Flails
  5835 | D:7      | Noticed Maggie
  5844 | D:7      | Killed Maggie
  5845 | D:7      | Reached skill level 1 in Armour
  6650 | D:8      | Reached XP level 9. HP: 54/67 MP: 3/15
  6794 | D:8      | Reached skill level 5 in Fighting
  6926 | D:8      | Reached * piety under Vehumet
  6926 | D:8      | Offered knowledge of Foxfire by Vehumet.
  7103 | D:8      | Found Qoont's Mass Market.
  7853 | D:9      | Noticed a troll
  7864 | D:9      | Killed a troll
  7865 | D:9      | Reached skill level 5 in Spellcasting
  7870 | D:9      | Learned a level 4 spell: Sticky Flame
  8051 | D:9      | Noticed a two-headed ogre
  8067 | D:9      | Killed a two-headed ogre
  8158 | D:9      | Reached XP level 10. HP: 67/76 MP: 13/17
  8170 | D:9      | Reached skill level 5 in Fire Magic
  8184 | D:9      | Found a flagged portal.
  8198 | Bailey   | Entered a bailey
  8272 | Bailey   | Learned a level 4 spell: Olgreb's Toxic Radiance
  8602 | Bailey   | Reached skill level 5 in Maces & Flails
  8605 | Bailey   | Reached ** piety under Vehumet
  8605 | Bailey   | Offered knowledge of Freeze by Vehumet.
  8696 | Bailey   | Acquired the Parchment of Shades and Nonlocality
  8950 | Bailey   | Noticed an orc knight
  8962 | Bailey   | Killed an orc knight
  8963 | Bailey   | Reached skill level 5 in Armour
  9200 | Bailey   | Identified the +2 lajatang of Pacy {flame, rElec rPois rC-
                  | Will+++}
  9203 | Bailey   | Noticed an orc sorcerer
  9205 | Bailey   | Noticed an orange demon
  9205 | Bailey   | Noticed an orc high priest
  9211 | Bailey   | Killed an orc sorcerer
  9217 | Bailey   | Killed an orc high priest
  9241 | Bailey   | Found an iron altar of Okawaru.
  9522 | D:9      | Identified the +1 leather armour "Doacw" {-Tele rF+ Dex+6
                  | Stlth+}
  9537 | D:9      | Reached XP level 11. HP: 48/80 MP: 13/18
  9678 | D:9      | Noticed Jeremiah
  9708 | D:9      | Killed Jeremiah
  9818 | D:9      | Learned a level 1 spell: Apportation
 10292 | D:10     | Entered Level 10 of the Dungeon
 10493 | D:10     | Noticed a two-headed ogre
 10501 | D:10     | Killed a two-headed ogre
 11433 | D:11     | Noticed a manticore
 11601 | D:11     | Found a staircase to the Orcish Mines.
 11695 | D:11     | Found Meojun's Book Emporium.
 11704 | D:11     | Noticed a two-headed ogre
 11705 | D:11     | Noticed Gastronok
 11851 | D:11     | Killed a two-headed ogre
 11851 | D:11     | Offered knowledge of Inner Flame by Vehumet.
 12049 | D:11     | Killed Gastronok
 12054 | D:11     | Killed a manticore
 12595 | D:11     | Found a staircase to the Lair.
 12609 | D:11     | Reached skill level 1 in Translocations
 12675 | Lair:1   | Entered Level 1 of the Lair of Beasts
 13022 | D:11     | Reached skill level 2 in Translocations
 13022 | D:11     | Reached XP level 12. HP: 89/94 MP: 12/20
 13405 | Lair:1   | Reached *** piety under Vehumet
 13406 | Lair:1   | Reached skill level 3 in Translocations
 13681 | Lair:1   | Reached skill level 4 in Translocations
 13886 | Lair:1   | Noticed a death yak
 13892 | Lair:1   | Noticed a death yak
 13918 | Lair:1   | Killed a death yak
 13955 | Lair:2   | Noticed an eight-headed hydra
 13978 | Lair:1   | Noticed a death yak
 14160 | Lair:1   | Reached skill level 5 in Translocations
 14398 | Lair:1   | Noticed a boulder beetle
 14471 | D:12     | Offered knowledge of Fulminant Prism by Vehumet.
 14924 | D:13     | Found Umef's Antique Weapon Shoppe.
 14930 | D:13     | Noticed a tengu warrior
 14970 | D:12     | Reached skill level 6 in Translocations
 15024 | Lair:1   | Killed a boulder beetle
 15146 | Lair:1   | Learned a level 7 spell: Manifold Assault
 15318 | Lair:2   | Reached skill level 7 in Translocations
 15384 | Lair:2   | Killed an eight-headed hydra
 15392 | Lair:2   | Reached **** piety under Vehumet
 15393 | Lair:2   | Reached skill level 8 in Translocations
 15786 | Lair:2   | Reached XP level 13. HP: 97/100 MP: 6/22
 15798 | Lair:2   | Reached skill level 9 in Translocations
 15800 | Lair:2   | Offered knowledge of Lee's Rapid Deconstruction by Vehumet.
 16570 | Lair:2   | Reached skill level 10 in Translocations
 16736 | Lair:3   | Found a staircase to the Snake Pit.
 17193 | Lair:3   | Found a staircase to the Swamp.
 17200 | Lair:3   | HP: 2/100 [bog body (9)]
 17200 | Lair:3   | Slain by a bullfrog

Illustrated notes

Levels and vault maps discovered:
D:1:      minmay_arrival_widening_spiral_wide, layout_basic,
          wad_floor_pattern_2, minivault_11
D:2:      layout_loops_corners, basic_altar
D:3:      layout_basic, shapermc_ecumenical_altar_mp_ritualfount
D:4:      layout_basic, minivault_19, st_stairs_3, corexii_hall_statues_t
D:5:      layout_rooms, worldfamousw_hep_ancestral_shrine, ebering_ghost_gozag
D:6:      layout_gridville, minmay_temple_entry_butterflies,
          uniq_crazy_yiuf_cottage, uniq_grinder
D:7:      layout_loops_ring, minmay_liquid_box, uniq_maggie
D:8:      layout_layer_cave, minmay_shop_mass
D:9:      layout_irregular_city, enter_bailey_4, bh_circular_ruins,
          uniq_jeremiah
D:10:     layout_irregular_city
D:11:     layout_rooms, david_lair_shrubbed, orc_0_dummy, serial_shops, shop,
          uniq_gastronok
D:12:     layout_rooms, nicolae_concentric_dashed_squares_mild
D:13:     layout_rooms, serial_shops, nicolae_shop_hallway_stairs, minivault_16
Temple:   regret_index_temple_sigil_plot
Lair:1:   layout_regular_city, grunt_megastairs_1
Lair:2:   layout_regular_city, dreamdust_mushroom_princess, lemuel_fruit_tree,
          grunt_megastairs_4
Lair:3:   layout_cave_shapes, skrybe_swamp_entry_bodies,
          guppyfry_snake_entry_island, chequers_serial_rivers_micro_b,
          grunt_megastairs_3

Skill      XL: |  1  2  3  4  5  6  7  8  9 10 11 12 13 |
---------------+----------------------------------------+-----
Conjurations   | 1 2 3 |  3.0
Dodging        | 2 3 4 |  4.2
Spellcasting   | 2 3 4 5 6 |  6.4
Fighting       | 1 2 3 4 6 7 8 |  8.9
Alchemy        | 4 5 |  5.0
Fire Magic     | 1 3 4 6 7 |  7.4
Maces & Flails | 2 4 5 7 8 |  8.5
Armour         | 2 4 5 7 |  7.0
Translocations | 2 8 10 | 10.2
Stealth        | |  1.5

Action                     |  1- 3 |  4- 6 |  7- 9 | 10-12 | 13-15 || total
---------------------------+-------+-------+-------+-------+-------++-------
  Melee: Rapier            |    38 |   111 |    22 |       |       ||   171
         Whip              |    36 |   112 |    39 |       |       ||   187
         Mace              |     1 |       |    81 |   239 |    31 ||   352
         Spear             |       |       |    92 |    80 |       ||   172
         Trident           |       |       |       |   183 |    30 ||   213
  Throw: Throwing net      |       |       |       |     2 |       ||     2
   Cast: Sting             |    17 |    12 |    11 |     3 |       ||    43
         Mephitic Cloud    |       |     1 |    13 |    63 |     2 ||    79
         Sticky Flame      |       |       |     2 |    59 |    15 ||    76
         Olgreb's Toxic Ra |       |       |       |    20 |       ||    20
         Apportation       |       |       |       |     1 |       ||     1
  Evoke: Wand              |       |       |    22 |    15 |     4 ||    41
    Use: Scroll            |       |       |    17 |     9 |     1 ||    27
         Potion            |       |       |     3 |     9 |       ||    12
   Stab: Sleeping          |     4 |     2 |       |     1 |       ||     7
         Distracted        |     1 |       |       |       |       ||     1
         Confused          |       |     1 |    17 |    40 |     3 ||    61
 Armour: Robe              |    16 |    62 |    13 |       |       ||    91
         Acid dragon scale |       |       |    91 |    55 |       ||   146
         Steam dragon scal |       |       |       |   232 |    43 ||   275
  Dodge: Dodged            |    30 |    91 |    70 |   225 |    33 ||   449

Table legend: (Time is in decaauts)
 A = Elapsed time spent in this place.
 B = Non-inter-level travel time spent in this place.
 C = Inter-level travel time spent in this place.
 D = Time resting spent in this place.
 E = Time spent auto-exploring this place.
 F = Levels seen in this place.
 G = Mean time per level.
                   A        B        C        D        E       F      G
               +--------+--------+--------+--------+--------+-----+--------+
         Total |  17357 |  16801 |    556 |   4182 |   9067 |  18 |  964.3 |
       Dungeon |  12479 |  12007 |    472 |   2134 |   7454 |  13 |  959.9 |
        Temple |     52 |      1 |     51 |      0 |      0 |   1 |   52.0 |
          Lair |   3501 |   3468 |     33 |   1317 |   1396 |   3 | 1167.0 |
        Bailey |   1323 |   1323 |      0 |    731 |    217 |   1 | 1323.0 |
               +--------+--------+--------+--------+--------+-----+--------+

Top non-repeatable levels by time:
  Lair:2: 1635 daAuts
    D:10: 1533 daAuts
  Lair:1: 1437 daAuts
    D:11: 1407 daAuts
  Bailey: 1323 daAuts
     D:6: 1296 daAuts
     D:8: 1269 daAuts
     D:9: 1164 daAuts
     D:2: 1109 daAuts
     D:3: 1017 daAuts
     D:4: 928 daAuts
     D:7: 850 daAuts
     D:1: 706 daAuts
     D:5: 658 daAuts
    D:12: 525 daAuts
